 Dungeon Crawl Stone Soup version 0.28-a0-577-gb193047a1f (webtiles) character file.

Game seed: 13297963104944555185

12511 graki42 the Thaumaturge (level 11, -5/53 (54) HPs)
             Began as a Deep Elf Fire Elementalist on Sept 29, 2021.
             Was a Believer of Vehumet.
             Slain by Jatofuta's ghost (29 damage)
             ... on level 2 of the Lair of Beasts on Oct 1, 2021.
             The game lasted 00:38:11 (13311 turns).

graki42 the Thaumaturge (DEFE)                     Turns: 13311, Time: 00:38:11

HP:   -5/53 (54)    AC:  4    Str:  8    XL:     11   Next: 63%
MP:   21/29         EV: 22    Int: 21    God:    Vehumet [**....]
Gold: 730           SH:  0    Dex: 15    Spells: 22/35 levels left

rFire   + . .      SeeInvis .   h - staff of fire
rCold   . . .      Faith    .   (no shield)
rNeg    . . .      Spirit   .   a - +0 robe
rPois   .          Reflect  .   (no helmet)
rElec   .          Harm     .   n - +1 cloak
rCorr   .          Rampage  .   (no gloves)
Will    +....                   (no boots)
Stlth   ++........              (no amulet)
HPRegen 0.17/turn               m - +4 ring of evasion
MPRegen 0.21/turn               f - ring of wizardry

@: lightly drained
A: no striking features
a: Renounce Religion


You were on level 2 of the Lair of Beasts.
You worshipped Vehumet.
Vehumet was pleased with you.
You visited 3 branches of the dungeon, and saw 12 of its levels.

You collected 730 gold pieces.

Inventory:

Hand Weapons
 k - a +0 dagger of draining
Armour
 a - a +0 robe (worn)
 n - a +1 cloak (worn)
Magical Staves
 h - a staff of fire (weapon)
Jewellery
 f - a ring of wizardry (right hand)
 m - a +4 ring of evasion (left hand)
 p - a ring of willpower
 q - a ring of protection from fire
Wands
 B - a wand of acid (5)
 C - a wand of polymorph (12)
Scrolls
 b - 5 scrolls of teleportation
 e - 4 scrolls of fog
 g - a scroll of immolation
 i - 2 scrolls of magic mapping
 l - 2 scrolls of amnesia
 r - a scroll of fear
 v - a scroll of silence {unknown}
 w - a scroll of enchant weapon {unknown}
 x - a scroll of blinking
 y - a scroll of noise {unknown}
 z - a scroll of enchant armour {unknown}
 D - a scroll of brand weapon {unknown}
 E - a scroll of torment {unknown}
Potions
 c - 3 potions of lignification
 d - 3 potions of haste {unknown}
 j - a potion of invisibility
 o - 3 potions of flight {unknown}
 s - a potion of magic {unknown}
 t - a potion of might {unknown}
 u - 2 potions of curing
 A - 4 potions of heal wounds


   Skills:
 + Level 11.5 Dodging
 - Level 3.0 Stealth
 + Level 12.5 Spellcasting
 + Level 10.3 Conjurations
 + Level 10.8 Fire Magic


You had 22 spell levels left.
You knew the following spells:

 Your Spells              Type           Power      Damage    Failure   Level
a - Foxfire               Conj/Fire      100%       2x1d9     1%          1
b - Conjure Flame         Conj/Fire      72%        6-21      1%          3
c - Inner Flame           Hex/Fire       52%        N/A       1%          3
d - Scorch                Fire           100%       2d10      1%          2
e - Flame Wave            Conj/Fire      72%        3d12      1%          4

Your spell library contained the following spells:

 Spells                   Type           Power      Damage    Failure   Level
 Searing Ray              Conj           100%       2d8       1%          2
 Apportation              Tloc           26%        N/A       1%          1
 Stone Arrow              Conj/Erth      68%        3d11      1%          3
 Hailstorm                Conj/Ice       34%        3d9       2%          4
 Ensorcelled Hibernation  Hex/Ice        26%        N/A       3%          2
 Slow                     Hex            13%        N/A       3%          2
 Confusing Touch          Hex            13%        N/A       6%          3
 Gell's Gravitas          Tloc           6%         N/A       6%          3
 Spider Form              Tmut/Pois      6%         N/A       6%          3
 Teleport Other           Tloc           13%        N/A       6%          3
 Tukima's Dance           Hex            13%        N/A       6%          3
 Vampiric Draining        Necr           6%         2d6       6%          3
 Animate Armour           Summ/Erth      26%        N/A       21%         4
 Ice Form                 Ice/Tmut       13%        N/A       21%         4
 Alistair's Intoxication  Tmut/Pois      8%         N/A       45%         5
 Yara's Violent Unravell  Hex/Tmut       6%         3d5       45%         5
 Dispersal                Tloc           6%         N/A       95%         6
 Invisibility             Hex            6%         N/A       95%         6
 Simulacrum               Ice/Necr       6%         N/A       95%         6
 Lehudib's Crystal Spear  Conj/Erth      17%        10d5      100%        8


Dungeon Overview and Level Annotations

Branches:
Dungeon (9/15)             Temple (1/1) D:7            Lair (2/6) D:8
    Orc (0/2) D:9
  Swamp: Lair:2-4    Shoals: Lair:2-4     Snake: Lair:2-4    Spider: Lair:2-4

Altars:
Ashenzari
Cheibriados
Dithmenos
Elyvilon
Fedhas
Gozag
Hepliaklqana
Kikubaaqudgha
Makhleb
Nemelex Xobeh
Okawaru
Qazlal
Ru
Sif Muna
Trog
Uskayaw
Vehumet
Wu Jian
Xom
Yredelemnul
Zin
The Shining One

Annotations:
D:9 Gastronok
Lair:2 Hocwot's ghost, journeyman TrCK; Jatofuta's ghost, journeyman MfGl; MeltyBlood's ghost, journeyman GnVM; funkygono's ghost, journeyman GrFE


Message History

Confirm with . or Enter, or press ? or * to list all spells.
Casting: Flame Wave (safe; 1% risk of failure)
Press: ? - help, Dir - look around, f - activate You feel a surge of power!
A wave of flame ripples out!
The flame wave engulfs Jaujas's ghost!!
Jaujas's ghost is heavily damaged. (Press . to intensify the flame waves.) Jaujas's ghost hits you!
MeltyBlood's ghost gestures wildly while chanting.
MeltyBlood's ghost blinks!
A wave of flame ripples out!
The flame wave engulfs Jaujas's ghost!
Jaujas's ghost is severely damaged.
A wave of flame ripples out!
The flame wave engulfs Jaujas's ghost!
Jaujas's ghost is almost destroyed.
The flame wave engulfs MeltyBlood's ghost.
MeltyBlood's ghost is lightly damaged.
You finish channelling waves of flame.
Jaujas's ghost hits you!!
Casting: Flame Wave (safe; 1% risk of failure)
Confirm with . or Enter, or press ? or * to list all spells.
Casting: Flame Wave (safe; 1% risk of failure)
Press: ? - help, Dir - look around, f - activate You feel a surge of power!
A wave of flame ripples out!
The flame wave engulfs Jaujas's ghost!!
You destroy Jaujas's ghost!
Vehumet accepts your kill. (Press . to intensify the flame waves.)
A wave of flame ripples out!
The flame wave engulfs MeltyBlood's ghost!!
MeltyBlood's ghost is moderately damaged.
MeltyBlood's ghost mumbles some strange words.
MeltyBlood's ghost blinks!
MeltyBlood's ghost mumbles some strange words.
MeltyBlood's ghost blinks!
Funkygono's ghost threatens, "Do not fail me, O fires of Iskenderun!"
Funkygono's ghost laughs crazily.
Hocwot's ghost hits you.
You feel drained.
Jatofuta's ghost turns its malevolent gaze towards you.
Jatofuta's ghost hits you!!
Ouch! That really hurt!
You die...

..#.............##......#####...#
..#......P#.....##.....#...#....#
........W##.............#.W.....#
.........##......#.....##........
..........#..#.###.....##........
...#...^.##.##.........##.......#
.#.#.......W...W................P
.................W..............#
................@................
.....................<..........#
P.##.....##..###.................
##.......##.#.###................
...#...........##....##.###..#..#
...)......#.(..##......######.#.#
...#.>.......................#..#
..#.......#....##.....#.........#
...............#.....##..........


You could see Hocwot's ghost, Jatofuta's ghost and funkygono's ghost.

Vanquished Creatures
  A hydra (Lair:2)
  The ghost of Jaujas the Carver, a novice DgDe (Lair:2)
  3 black mambas
  3 cane toads
  A gargoyle (D:6)
  2 komodo dragons (Lair:2)
  Prince Ribbit (D:6)
  4 dream sheep (Lair:2)
  The ghost of Megustar the Firebug, an amateur DEFE (D:4)
  22 yaks
  A basilisk (Lair:2)
  A steam dragon (D:7)
  2 wargs (D:8)
  8 water moccasins
  5 sky beasts
  5 orc warriors
  A necrophage (D:5)
  4 centaurs
  An ogre (D:5)
  A phantom (D:5)
  Blork the orc (D:5)
  7 bullfrogs
  A jelly (D:5)
  5 wights (D:6)
  A centaur zombie (D:8)
  3 orc priests
  Crazy Yiuf (D:5)
  A centaur skeleton (D:4)
  2 gnoll shamans (D:8)
  4 hounds
  Jessica (D:2)
  Terence (D:2)
  5 iguanas
  3 orc wizards
  7 gnolls (D:8)
  10 adders
  A river rat (D:4)
  3 shadow imps
  An adder skeleton (D:4)
  3 worms
  A dart slug (D:1)
  24 orcs
  9 bats
  An endoplasm (D:3)
  5 goblins
  6 hobgoblins
  4 jackals
  10 kobolds
  9 quokkas
  6 ball pythons
  3 frilled lizards
  A quokka skeleton (D:4)
  6 rats
214 creatures vanquished.

Vanquished Creatures (collateral kills)
  A foxfire (Lair:2)
1 creature vanquished.

Vanquished Creatures (others)
  498 foxfires
  6 fungi
  18 plants
522 creatures vanquished.

Grand Total: 737 creatures vanquished

Notes
Turn   | Place    | Note
-------+----------+-------------------------------------------
     0 | D:1      | graki42 the Deep Elf Fire Elementalist began the quest for
                  | the Orb.
     0 | D:1      | Reached XP level 1. HP: 10/10 MP: 6/6
   210 | D:1      | Reached XP level 2. HP: 15/15 MP: 6/8
   569 | D:1      | Found a faded altar of an unknown god.
  1028 | D:2      | Reached XP level 3. HP: 13/19 MP: 5/9
  1142 | D:2      | Noticed Terence
  1150 | D:2      | Killed Terence
  1561 | D:2      | Reached XP level 4. HP: 24/24 MP: 8/11
  1565 | D:2      | Learned a level 3 spell: Conjure Flame
  1569 | D:2      | Learned a level 3 spell: Inner Flame
  1572 | D:2      | Learned a level 2 spell: Scorch
  1867 | D:2      | Noticed Jessica
  1869 | D:2      | Killed Jessica
  1870 | D:2      | Reached skill level 4 in Spellcasting
  2161 | D:3      | Reached XP level 5. HP: 28/28 MP: 7/13
  2210 | D:3      | Found a broken altar of Ashenzari.
  2257 | D:3      | Noticed a centaur
  2273 | D:3      | Killed a centaur
  3248 | D:4      | Reached XP level 6. HP: 32/32 MP: 12/15
  3387 | D:4      | Found a shadowy altar of Dithmenos.
  3387 | D:4      | Found a burning altar of Makhleb.
  3406 | D:4      | Reached skill level 5 in Spellcasting
  3546 | D:4      | Found a runed translucent door.
  3546 | D:4      | Noticed Megustar's ghost (amateur DEFE)
  4078 | D:4      | Reached skill level 5 in Fire Magic
  4408 | D:4      | Killed Megustar's ghost
  4409 | D:4      | Reached skill level 5 in Dodging
  4409 | D:4      | Reached XP level 7. HP: 6/36 MP: 10/17
  4731 | D:5      | Entered Level 5 of the Dungeon
  4772 | D:5      | Reached skill level 6 in Spellcasting
  5098 | D:5      | Reached skill level 5 in Conjurations
  5098 | D:5      | Reached XP level 8. HP: 32/41 MP: 16/19
  5104 | D:5      | HP: 2/41 [poisoned by a water moccasin]
  5108 | D:5      | Reached skill level 7 in Spellcasting
  5114 | D:5      | HP: 2/41 [poisoned by a water moccasin]
  5700 | D:5      | Found a sacrificial altar of Ru.
  5737 | D:5      | Found a runed translucent door.
  5738 | D:5      | Noticed Crazy Yiuf
  5838 | D:5      | Noticed Blork the orc
  5842 | D:5      | Killed Blork the orc
  6229 | D:5      | Killed Crazy Yiuf
  6273 | D:5      | Learned a level 4 spell: Flame Wave
  6418 | D:6      | Reached skill level 8 in Spellcasting
  6874 | D:6      | Reached XP level 9. HP: 42/45 MP: 18/23
  6922 | D:6      | Noticed Prince Ribbit
  6929 | D:6      | Killed Prince Ribbit
  7405 | D:6      | Noticed a gargoyle
  7415 | D:6      | Killed a gargoyle
  7697 | D:7      | Reached skill level 9 in Spellcasting
  7910 | D:7      | Found a shimmering blue altar of Sif Muna.
  8023 | D:7      | Found a staircase to the Ecumenical Temple.
  8030 | D:7      | Found a white marble altar of Elyvilon.
  8034 | Temple   | Entered the Ecumenical Temple
  8064 | Temple   | Became a worshipper of Vehumet
  8403 | D:8      | Found a staircase to the Lair.
  8835 | D:8      | Upgraded the game from 0.28-a0-563-gf77a47075d to
                  | 0.28-a0-577-gb193047a1f
  8908 | D:8      | Reached * piety under Vehumet
  8908 | D:8      | Offered knowledge of Shock by Vehumet.
  8989 | D:8      | Reached XP level 10. HP: 23/50 MP: 16/25
  9689 | D:9      | Reached skill level 10 in Spellcasting
  9975 | D:9      | Found a staircase to the Orcish Mines.
 10002 | D:9      | Noticed Gastronok
 10166 | Lair:1   | Entered Level 1 of the Lair of Beasts
 10624 | Lair:1   | Reached skill level 10 in Dodging
 10909 | Lair:1   | Noticed a black mamba
 10913 | Lair:1   | Killed a black mamba
 10914 | Lair:1   | Reached skill level 11 in Spellcasting
 11127 | Lair:1   | Noticed a black mamba
 11133 | Lair:1   | Killed a black mamba
 11400 | Lair:1   | Noticed a cane toad
 11407 | Lair:1   | Killed a cane toad
 11653 | Lair:2   | Reached XP level 11. HP: 54/54 MP: 17/28
 11654 | Lair:2   | Reached skill level 10 in Fire Magic
 11662 | Lair:2   | Reached ** piety under Vehumet
 11798 | Lair:2   | Offered knowledge of Searing Ray by Vehumet.
 12068 | Lair:2   | Reached skill level 12 in Spellcasting
 12283 | Lair:2   | Found a runed translucent gate.
 12342 | Lair:2   | Noticed a five-headed hydra
 12350 | Lair:2   | Killed a five-headed hydra
 12351 | Lair:2   | Reached skill level 10 in Conjurations
 12808 | Lair:2   | Found a runed translucent gate.
 12810 | Lair:2   | Noticed MeltyBlood's ghost (journeyman GnVM)
 12811 | Lair:2   | Found a runed translucent gate.
 12811 | Lair:2   | Noticed Jaujas's ghost (novice DgDe)
 12811 | Lair:2   | Noticed Hocwot's ghost (journeyman TrCK)
 12811 | Lair:2   | Noticed funkygono's ghost (journeyman GrFE)
 12811 | Lair:2   | Noticed Jatofuta's ghost (journeyman MfGl)
 13251 | Lair:2   | Killed Jaujas's ghost
 13311 | Lair:2   | Slain by Jatofuta's ghost

Illustrated notes

Levels and vault maps discovered:
D:1:      dpeg_arrival_brainrot, layout_loops_cross, basic_ecumenical_altar
D:2:      layout_rooms, minmay_misc_feat_encased, uniq_terence, uniq_jessica
D:3:      minmay_diamond_boxcup, layout_basic, ashenzari_altar_1
D:4:      layout_loops_ring, jmf_multi_god_temple, gup_sewer_entry_spiral,
          gammafunk_ghost_grave
D:5:      layout_basic, mainiacjoe_overflow_alcove_2, serial_bayou_lagoon_b,
          uniq_crazy_yiuf_cottage, uniq_blork_the_orc
D:6:      layout_loops_ring, minmay_three_doors, uniq_prince_ribbit1
D:7:      layout_cave_pools, grunt_temple_overflow_open,
          minmay_temple_entry_waves
D:8:      layout_basic, erik_lair_orcish_takeover
D:9:      layout_roguey, david_orc_3, uniq_gastronok
Temple:   eino_temple_rhombus
Lair:1:   layout_cave_pods, grunt_megastairs_3
Lair:2:   layout_regular_city, gammafunk_ghost_cemetery

Skill      XL: |  1  2  3  4  5  6  7  8  9 10 11 |
---------------+----------------------------------+-----
Dodging        | 3 4 5 6 7 9 10 11 | 11.5
Stealth        | 3 |  3.0
Conjurations   | 2 3 4 5 6 7 9 10 | 10.3
Spellcasting   | 4 5 6 8 9 11 12 | 12.5
Fire Magic     | 4 5 6 7 8 9 10 | 10.8

Action                   |  1- 3 |  4- 6 |  7- 9 | 10-12 || total
-------------------------+-------+-------+-------+-------++-------
Melee: Staff             |       |     4 |     5 |       ||     9
 Cast: Foxfire           |    52 |    87 |    70 |    80 ||   289
       Scorch            |       |    14 |    46 |    60 ||   120
       Flame Wave        |       |       |    25 |    27 ||    52
       Inner Flame       |       |       |     1 |       ||     1
       Conjure Flame     |       |       |       |     3 ||     3
  Use: Potion            |       |       |     2 |     1 ||     3
       Scroll            |       |       |     9 |     3 ||    12
Armor: Robe              |     5 |     6 |     7 |     2 ||    20
Dodge: Dodged            |    11 |    29 |    84 |    64 ||   188

Table legend: (Time is in decaauts)
 A = Elapsed time spent in this place.
 B = Non-inter-level travel time spent in this place.
 C = Inter-level travel time spent in this place.
 D = Time resting spent in this place.
 E = Time spent auto-exploring this place.
 F = Levels seen in this place.
 G = Mean time per level.
                   A        B        C        D        E       F      G
               +--------+--------+--------+--------+--------+-----+--------+
         Total |  13392 |  13091 |    301 |   3671 |   7687 |  12 | 1116.0 |
       Dungeon |  10227 |   9961 |    266 |   2705 |   5988 |   9 | 1136.3 |
        Temple |    141 |    132 |      9 |      0 |    112 |   1 |  141.0 |
          Lair |   3023 |   2998 |     25 |    966 |   1587 |   2 | 1511.5 |
               +--------+--------+--------+--------+--------+-----+--------+

Top non-repeatable levels by time:
     D:5: 1620 daAuts
     D:4: 1572 daAuts
  Lair:2: 1561 daAuts
  Lair:1: 1461 daAuts
     D:6: 1369 daAuts
     D:8: 1294 daAuts
     D:3: 1198 daAuts
     D:1: 1024 daAuts
     D:2: 977 daAuts
     D:7: 769 daAuts
     D:9: 399 daAuts
  Temple: 141 daAuts
